 Dungeon Crawl Stone Soup version 0.30.0-30-g96aa6591b8 (webtiles) character file.

Game seed: 16342794166522420574

320397 suzumiya the Tortoise (level 20, -4/187 HPs)
             Began as a Minotaur Fighter on June 27, 2023.
             Was the Champion of Qazlal.
             Slain by a +0 bardiche of electrocution (13 damage)
             ... on level 2 of the Elven Halls.
             The game lasted 01:32:03 (32304 turns).

suzumiya the Tortoise (Minotaur Fighter)           Turns: 32304, Time: 01:32:03

Health: -4/187     AC: 32    Str: 33    XL:     20   Next: 62%
Magic:  31/31      EV: 13    Int:  8    God:    Qazlal [******]
Gold:   1522       SH: 31    Dex: 19    Spells: 19/19 levels left

rFire   + . .        x - +2 war axe (flame)
rCold   + + .        R - +0 tower shield {AC+3}
rNeg    . . .        j - +2 plate armour {rC+}
rPois   .            (helmet restricted)
rElec   .            L - scarf {rC+ rF+}
rCorr   .            J - +2 pair of gloves {Str+3}
SInv    .            H - +0 pair of boots
Will    ++...        A - amulet of regeneration Stlth
                     S - ring "Redilic" {Will+ Str+3 Int+6 Dex+3}
HPRegen 1.31/turn    k - ring of flight
MPRegen 0.22/turn

%: repel missiles
@: lethally poisoned (-4 -> -19), about to teleport, protected from physical
damage, flying
A: horns 2, retaliatory headbutt, agile 1, dopey 1, screaming 1
}: 2/15 runes: serpentine, barnacled
a: Renounce Religion, Upheaval, Elemental Force, Disaster Area


You were on level 2 of the Elven Halls.
You worshipped Qazlal.
Qazlal was exalted by your worship.
You visited 7 branches of the dungeon, and saw 33 of its levels.
You visited the Abyss 1 time.
You also visited: Gauntlet.

You collected 3621 gold pieces.
You spent 2099 gold pieces at shops.

Inventory:

Hand Weapons
 b - a +0 broad axe
 x - a +2 war axe of flaming (weapon)
Missiles
 f - 5 curare-tipped darts
 r - 37 boomerangs (quivered)
 v - 9 throwing nets
 z - 49 poisoned darts
 N - 9 javelins
 P - 4 silver javelins
Armour
 j - a +2 plate armour of cold resistance (worn)
 G - a +3 plate armour
 H - a +0 pair of boots (worn)
 J - a +2 pair of gloves of strength (worn)
 L - a scarf of resistance (worn)
 Q - a +2 kite shield of reflection
 R - a +0 tower shield of protection (worn)
 V - a +1 kite shield of reflection
Jewellery
 h - a +4 ring of protection
 k - a ring of flight (right hand)
 A - an amulet of regeneration (around neck)
 B - a ring of fire
 C - a ring of poison resistance
 D - a ring of magical power
 S - the ring "Redilic" (left hand) {Will+ Str+3 Int+6 Dex+3}
   (You bought it in a shop on level 2 of the Orcish Mines)

   [ring of intelligence]

   Str:       It affects your strength (+3).
   Int:       It affects your intelligence (+6).
   Dex:       It affects your dexterity (+3).
   Will:      It increases your willpower.
Wands
 w - a wand of digging (1)
Scrolls
 i - a scroll of butterflies
 l - a scroll of brand weapon
 n - 5 scrolls of acquirement
 p - 3 scrolls of fear
 s - 7 scrolls of teleportation
 y - 4 scrolls of fog
 E - 8 scrolls of enchant weapon
 K - 4 scrolls of magic mapping
 M - 3 scrolls of torment
 O - 4 scrolls of blinking
 U - 4 scrolls of immolation
 X - 10 scrolls of identify
 Y - a scroll of poison
Potions
 a - 7 potions of resistance
 d - 8 potions of might
 e - 15 potions of curing
 g - 5 potions of flight
 m - a potion of mutation
 o - 2 potions of berserk rage
 q - 2 potions of ambrosia
 t - 7 potions of attraction
 u - 3 potions of heal wounds
 F - 6 potions of lignification
 I - 4 potions of haste
 W - a potion of cancellation
 Z - 4 potions of magic


   Skills:
 + Level 18.1 Fighting
 + Level 18.9 Axes
 - Level 20.0 Armour
 + Level 8.4 Dodging
 - Level 20.0 Shields
 + Level 17.6 Invocations


You had 19 spell levels left.
You didn't know any spells.
Your spell library contained the following spells:

 Spells                   Type           Power      Damage    Failure   Level
 Apportation              Tloc           0%         N/A       93%         1
 Sandblast                Erth           0%         2d4       93%         1
 Blink                    Tloc           0%         N/A       98%         2
 Cigotuvi's Dreadful Rot  Necr/Pois/Air  0%         N/A       98%         2
 Ensorcelled Hibernation  Hex/Ice        0%         N/A       98%         2
 Lesser Beckoning         Tloc           0%         N/A       98%         2
 Momentum Strike          Conj/Tloc      0%         3d8       98%         2
 Passwall                 Tmut/Erth      0%         N/A       98%         2
 Poisonous Vapours        Pois/Air       0%         N/A       98%         2
 Scorch                   Fire           0%         2d5       98%         2
 Sublimation of Blood     Necr           0%         N/A       98%         2
 Wereblood                Tmut           0%         N/A       98%         2
 Dazzling Flash           Conj/Hex       0%         N/A       100%        3
 Hailstorm                Conj/Ice       0%         3d3       100%        3
 Ozocubu's Armour         Ice            0%         N/A       100%        3
 Stone Arrow              Conj/Erth      0%         3d7       100%        3
 Swiftness                Air            0%         N/A       100%        3
 Volatile Blastmotes      Fire/Tloc      0%         2d10      100%        3
 Animate Armour           Summ/Erth      0%         N/A       100%        4
 Animate Dead             Necr           0%         N/A       100%        4
 Dispel Undead            Necr           0%         3d6       100%        4
 Flame Wave               Conj/Fire      0%         2d4       100%        4
 Fulminant Prism          Conj/Hex       0%         3d5       100%        4
 Ice Form                 Ice/Tmut       0%         N/A       100%        4
 Iskenderun's Mystic Bla  Conj/Tloc      0%         2d3       100%        4
 Agony                    Necr           0%         N/A       100%        5
 Lee's Rapid Deconstruct  Erth           0%         3d4*      100%        5
 Metabolic Englaciation   Hex/Ice        0%         N/A       100%        5
 Silence                  Hex/Air        0%         N/A       100%        5
 Summon Forest            Summ/Tloc      0%         N/A       100%        5
 Conjure Ball Lightning   Conj/Air       0%         3x3d6     100%        6
 Death Channel            Necr           0%         N/A       100%        6
 Eringya's Noxious Bog    Tmut/Pois      0%         N/A       100%        6
 Iron Shot                Conj/Erth      0%         9d1       100%        6
 Simulacrum               Ice/Necr       0%         N/A       100%        6
 Statue Form              Tmut/Erth      0%         N/A       100%        6
 Summon Cactus Giant      Summ           0%         N/A       100%        6
 Haunt                    Necr/Summ      0%         N/A       100%        7
 Summon Hydra             Summ           0%         N/A       100%        7
 Disjunction              Tloc           0%         N/A       100%        8
 Infestation              Necr           0%         N/A       100%        8
 Maxwell's Capacitive Co  Air            0%         ∞         100%        8


Dungeon Overview and Level Annotations

Branches:
Dungeon (15/15)            Temple (1/1) D:4            Lair (5/5) D:11
 Shoals (4/4) Lair:3        Snake (4/4) Lair:3        Slime (0/5) Lair:5
    Orc (2/2) D:12            Elf (2/3) Orc:2        Vaults (0/5) D:13
 Depths (0/4) D:15        Gauntlet (visited)

Altars:
Ashenzari
Cheibriados
Dithmenos
Elyvilon
Fedhas
Gozag
Hepliaklqana
Kikubaaqudgha
Makhleb
Nemelex Xobeh
Okawaru
Qazlal
Ru
Sif Muna
Trog
Uskayaw
Vehumet
Wu Jian
Xom
Yredelemnul
Zin
The Shining One
Jiyva
Lugonu

Shops:
D:2 *   D:9 :!*   Orc:2 *[:(   Elf:1 =   Elf:2 !   Shoals:4 !   Snake:1 !
Snake:4 ?

Portals:
Abyss: Lair:5 Snake:3

Annotations:
D:7 1 runed translucent door, woowoo's ghost, novice DsGl
Shoals:1 1 transporter, jurchenman's ghost, journeyman DEFE
Snake:3 2 transporters, croobank's ghost, adept GnFE


Innate Abilities, Weirdness & Mutations

You have a pair of horns on your head.
You reflexively headbutt those who attack you in melee.
You are agile. (Dex +4, Str/Int -1)
You are dopey. (Int -2)
You occasionally shout uncontrollably at your foes.


Message History

Unknown command.
You are too injured to fight recklessly!
You are too injured to fight recklessly!
You closely miss the deep elf pyromancer.
The deep elf pyromancer is almost dead.
You closely miss the fire elemental.
You feel sick.
The +4 heavy glaive hits you from afar!!
* * * LOW HITPOINT WARNING * * *
You feel more protected from physical attacks.
The deep elf pyromancer points at you and mumbles some strange words.
The bolt of fire hits you but does no damage.
Your resistance to physical damage fades away.
You feel protected from fire.
You hear a sizzling sound!
You block the +0 bardiche of electrocution's attack.
The +1 glaive of venom hits you from afar.
* * * LOW HITPOINT WARNING * * *
You slice the deep elf pyromancer!! You burn the deep elf pyromancer.
You kill the deep elf pyromancer!
Qazlal accepts your kill.
The fire elemental disappears in a puff of smoke!
You feel sick. The +4 heavy glaive misses you.
A deep elf knight comes into view. It is wielding a +0 scimitar.
The +0 bardiche of electrocution hits you but does no damage.
Your resistance to fire fades away.
You feel protected from electricity.
You are electrocuted!!
* * * LOW HITPOINT WARNING * * *
As you read the scroll of teleportation, it crumbles to dust.
You feel strangely unstable.
You feel sick.
You block the +1 glaive of venom's attack.
The +1 glaive of venom hits you from afar!
* * * LOW HITPOINT WARNING * * *
You are more poisoned.
The +0 bardiche of electrocution hits you from afar!
* * * LOW HITPOINT WARNING * * *
Your resistance to electricity fades away.
You feel protected from physical attacks.
You are electrocuted!
You die...

... .e #...
##... #...
#..#.. #...
#....#.
#...#......#
#..#(°(.....
#.#)(§°.....
#.○@((.....
#..§.......
##°.☼§......
#.#.........
#..#........
#...#......#
#....#....#.
#.....#..#..
#......##...


You could see a deep elf knight and 5 dancing weapons.

Vanquished Creatures
  Bai Suzhen (Snake:3)
  Vashnia (Snake:3)
  Jorgrun (Orc:1)
  Rupert (D:14)
  A deep elf blademaster (Elf:2)
  Polyphemus (Shoals:4)
  Kirke (Lair:3)
  2 tentacled starspawn (Abyss:3)
  Frances (D:14)
  9 nagarajas
  A daeva (Abyss:3)
  Roxanne (D:15)
  Ilsuiw (Shoals:2)
  2 deep elf sorcerers (Shoals:1)
  A fire giant (D:15)
  Aizul (Snake:2)
  Louise (D:14)
  An orc warlord (Orc:2)
  Nessos (D:14)
  A red draconian (Abyss:3)
  A spark wasp (shapeshifter) (Lair:5)
  A minotaur (Gauntlet)
  Snorg (Lair:4)
  A blizzard demon (Gauntlet)
  5 merfolk javelineers
  5 merfolk impalers
  2 rakshasas
  3 salamander tyrants
  A great orb of eyes (Abyss:3)
  Fannar (Lair:2)
  3 hydras
  Harold (D:10)
  3 ogre magi
  4 catoblepae
  10 anacondas
  3 merfolk avatars
  7 two-headed ogres
  20 dancing weapons
  3 alligator snapping turtles (Shoals:4)
  19 death yaks
  A death knight (D:15)
  4 merfolk aquamancers (Shoals:4)
  A centaur warrior (D:15)
  2 satyrs (Shoals:2)
  2 boulder beetles
  2 tengu warriors (D:15)
  12 naga warriors
  5 thrashing horrors
  21 naga sharpshooters
  4 orc high priests (Orc:2)
  Nergalle (Lair:1)
  Sonja (D:11)
  5 shock serpents
  12 deep elf knights
  A sixfirhy (Abyss:3)
  4 wretched stars (Abyss:3)
  A fire crab (Gauntlet)
  8 skysharks
  4 skeletal warriors (D:14)
  A glowing orange brain (Abyss:3)
  4 salamander mystics
  7 sea snakes
  14 harpies
  A phantasmal warrior (D:15)
  7 naga ritualists
  19 deep elf archers
  5 orc knights
  24 deep elf zephyrmancers
  A mana viper (shapeshifter) (Lair:5)
  8 cyclopes
  28 deep elf pyromancers
  11 mana vipers
  2 oklob plants
  18 ugly things
  6 orc sorcerers
  14 salamanders
  7 manticores
  11 elephants
  17 fauns
  8 merfolk sirens
  An ice statue (Gauntlet)
  10 guardian serpents
  12 naga magi
  A water nymph (Shoals:2)
  35 black mambas
  12 cane toads
  4 smoke demons (Abyss:3)
  3 orange demons (Abyss:3)
  3 torpor snails
  3 rime drakes
  3 freezing wraiths (D:15)
  8 komodo dragons
  2 tengu conjurers (D:15)
  6 ancient zymes
  9 trolls
  4 harpy zombies
  An ice devil (Gauntlet)
  3 wind drakes
  A hellwing (Abyss:3)
  21 merfolk
  2 polar bears (Lair:3)
  13 snapping turtles
  20 dream sheep
  27 blink frogs
  4 raiju (Abyss:3)
  7 slime creatures
  A vampire (D:13)
  2 shadows
  An air elemental (Elf:1)
  13 large abominations
  5 water elementals
  2 spriggans (shapeshifter)
  2 spriggans (Lair:5)
  11 basilisks
  4 ynoxinuls
  Eustachio (D:5)
  7 wyverns
  2 fire bats (Gauntlet)
  2 fire elementals (Elf:2)
  7 wraiths
  4 neqoxecs (Abyss:3)
  56 yaks
  A human (shapeshifter) (Elf:2)
  A human (Lair:4)
  6 vampire mosquitoes
  A steam dragon (D:7)
  A chaos spawn (Abyss:3)
  3 wargs
  34 nagas
  Edmund (D:6)
  An acid dragon (D:9)
  3 hell hounds (Abyss:3)
  14 water moccasins
  An ice beast (D:5)
  31 orc warriors
  4 black bears
  A black bear (shapeshifter) (D:15)
  3 sky beasts
  2 manticore zombies (Shoals:1)
  11 centaurs
  7 ogres
  8 wolves
  6 kobold brigands
  4 phantoms
  Blork the orc (D:6)
  8 bullfrogs
  7 earth elementals
  6 scorpions
  15 small abominations
  4 wights (D:6)
  6 killer bees
  2 troll zombies (D:12)
  A howler monkey (D:14)
  Crazy Yiuf (D:5)
  2 quasits (Abyss:3)
  6 hounds
  20 orc priests
  A gnoll bouda (D:10)
  7 jellies
  A sleepcap (D:7)
  5 iguanas
  33 orc wizards
  7 hell rats (Lair:2)
  4 ogre zombies (D:12)
  A boggart simulacrum (D:14)
  Robin (D:2)
  5 gnolls (D:10)
  6 adders
  3 shadow imps
  2 white imps (Gauntlet)
  3 dart slugs
  79 orcs
  5 bats
  7 endoplasms
  6 giant cockroaches
  18 goblins
  6 hobgoblins
  3 jackals (D:1)
  5 quokkas
  8 ball pythons
  9 frilled lizards
  A goblin skeleton (D:12)
  3 goblin zombies (D:12)
  A hobgoblin zombie (D:12)
  24 kobolds
  2 orc skeletons (D:12)
  12 orc zombies (D:12)
  6 rats
1260 creatures vanquished.

Vanquished Creatures (others)
  A death yak (Lair:4)
  A deep elf knight (Shoals:1)
  A sea snake (Shoals:2)
  A deep elf archer (Elf:2)
  A deep elf zephyrmancer (Elf:2)
  A rime drake (Gauntlet)
  A raiju (Abyss:3)
  A human (Lair:4)
  A boggart (D:13)
  5 starspawn tentacles (Abyss:3)
14 creatures vanquished.

Grand Total: 1274 creatures vanquished

Notes
Turn   | Place    | Note
-------+----------+-------------------------------------------
     0 | D:1      | suzumiya the Minotaur Fighter began the quest for the Orb.
     0 | D:1      | Reached XP level 1. HP: 19/19 MP: 0/0
   213 | D:1      | Reached XP level 2. HP: 27/27 MP: 1/1
   282 | D:1      | HP: 1/27 [poisoned by a kobold]
   478 | D:1      | Reached XP level 3. HP: 33/33 MP: 2/2
   854 | D:2      | Identified the +9 short sword "Faekloxo" {flame, rPois
                  | Str+3 Int+3}
   900 | D:2      | Found Vylaiff's Assorted Antiques.
   927 | D:2      | Noticed Robin
   943 | D:2      | Reached XP level 4. HP: 21/41 MP: 3/3
   944 | D:2      | Killed Robin
  1084 | D:2      | Found a faded altar of an unknown god.
  1488 | D:3      | Reached skill level 5 in Axes
  2047 | D:4      | Reached skill level 5 in Fighting
  2047 | D:4      | Reached XP level 5. HP: 38/48 MP: 4/4
  2099 | D:4      | Noticed a black bear
  2104 | D:4      | Killed a black bear
  2258 | D:4      | Found a staircase to the Ecumenical Temple.
  2286 | Temple   | Entered the Ecumenical Temple
  2482 | D:4      | Reached XP level 6. HP: 56/56 MP: 5/5
  2868 | D:5      | Entered Level 5 of the Dungeon
  3047 | D:5      | Found a runed translucent door.
  3048 | D:5      | Noticed Crazy Yiuf
  3144 | D:5      | Reached XP level 7. HP: 46/63 MP: 6/6
  3152 | D:5      | Noticed Eustachio
  3162 | D:5      | Killed Eustachio
  3508 | D:5      | Found a snail-covered altar of Cheibriados.
  3512 | D:5      | Reached skill level 10 in Axes
  3705 | D:5      | Found a stormy altar of Qazlal.
  3710 | D:5      | Reached XP level 8. HP: 70/70 MP: 7/7
  3719 | D:5      | Became a worshipper of Qazlal Stormbringer
  3792 | D:5      | Killed Crazy Yiuf
  4463 | D:6      | Noticed Blork the orc
  4468 | D:6      | Killed Blork the orc
  4469 | D:6      | Reached XP level 9. HP: 75/75 MP: 8/8
  4486 | D:6      | Noticed Edmund
  4493 | D:6      | Killed Edmund
  4493 | D:6      | Reached * piety under Qazlal
  4666 | D:7      | Identified the +6 whip of Peril {freeze, rF- rC+ Str+4
                  | SInv}
  4707 | D:7      | Found a runed translucent door.
  5076 | D:7      | Noticed a two-headed ogre
  5079 | D:7      | Killed a two-headed ogre
  5080 | D:7      | Reached skill level 15 in Axes
  5286 | D:7      | Found a sparkling altar of Nemelex Xobeh.
  5606 | D:7      | Noticed woowoo's ghost (novice DsGl)
  5754 | D:8      | Reached skill level 1 in Invocations
  5991 | D:8      | Reached ** piety under Qazlal
  6075 | D:8      | Found an opulent altar of Gozag.
  6076 | D:8      | Found a shimmering altar of Xom.
  6304 | D:8      | Reached XP level 10. HP: 67/83 MP: 10/10
  6529 | D:9      | Noticed a cyclops
  7087 | D:9      | Reached skill level 5 in Armour
  7087 | D:9      | Reached skill level 5 in Shields
  7124 | D:9      | Noticed a two-headed ogre
  7125 | D:9      | Noticed a two-headed ogre
  7139 | D:9      | Killed a two-headed ogre
  7149 | D:9      | Killed a two-headed ogre
  7150 | D:9      | Reached skill level 5 in Invocations
  7294 | D:9      | Found Juretute's Book Boutique.
  7295 | D:9      | Found Joedo's Distillery.
  7307 | D:9      | Found Fompepu's Assorted Antiques.
  7465 | D:9      | Killed a cyclops
  7692 | D:9      | Found a blossoming altar of Fedhas.
  7790 | D:9      | Noticed a two-headed ogre
  7804 | D:9      | Killed a two-headed ogre
  7913 | D:9      | Reached XP level 11. HP: 78/89 MP: 14/14
  8069 | D:10     | Entered Level 10 of the Dungeon
  8138 | D:10     | Found a shimmering blue altar of Sif Muna.
  8284 | D:10     | Noticed a two-headed ogre
  8307 | D:10     | Killed a two-headed ogre
  8540 | D:10     | Identified the +2 leather armour of Pafidom {Will+}
  8649 | D:10     | Reached *** piety under Qazlal
  8779 | D:10     | Noticed Harold
  8787 | D:10     | Killed Harold
  8869 | D:10     | Noticed a two-headed ogre
  8879 | D:10     | Killed a two-headed ogre
  9151 | D:11     | Noticed a death yak
  9152 | D:11     | Noticed a death yak
  9154 | D:11     | Noticed Sonja
  9163 | D:11     | Killed a death yak
  9164 | D:11     | Found a staircase to the Lair.
  9164 | D:11     | Noticed a death yak
  9333 | D:11     | Killed a death yak
  9396 | D:11     | Killed a death yak
  9424 | D:11     | Killed Sonja
  9425 | D:11     | Reached skill level 10 in Armour
  9675 | D:11     | Reached skill level 10 in Shields
 10013 | Lair:1   | Entered Level 1 of the Lair of Beasts
 10023 | Lair:1   | Reached XP level 12. HP: 99/104 MP: 15/15
 10225 | Lair:1   | Noticed Nergalle
 10246 | Lair:1   | Killed Nergalle
 10618 | Lair:1   | Reached skill level 10 in Fighting
 10626 | Lair:1   | Reached **** piety under Qazlal
 10877 | Lair:1   | You are sucked into a shaft and drop 1 floor!
 10892 | Lair:2   | Noticed a six-headed hydra
 11593 | Lair:2   | Killed a two-headed hydra
 11754 | Lair:2   | Noticed Fannar
 11763 | Lair:2   | Killed Fannar
 12628 | Lair:3   | Found a staircase to the Snake Pit.
 12654 | Lair:3   | Noticed a death yak
 12654 | Lair:3   | Noticed a death yak
 12670 | Lair:3   | Killed a death yak
 12681 | Lair:3   | Reached XP level 13. HP: 65/117 MP: 16/16
 13118 | Lair:3   | Found a staircase to the Shoals.
 13488 | Lair:4   | Reached ***** piety under Qazlal
 13727 | Lair:4   | Noticed Kirke
 13740 | Lair:3   | Killed Kirke
 13840 | Lair:4   | Noticed Snorg
 13850 | Lair:4   | Killed Snorg
 14538 | Lair:5   | Entered Level 5 of the Lair of Beasts
 14695 | Lair:5   | Reached XP level 14. HP: 98/130 MP: 17/17
 14716 | Lair:5   | Found a gate leading to a gauntlet.
 14725 | Gauntlet | Entered a Gauntlet
 14725 | Gauntlet | Found a transporter.
 14725 | Gauntlet | Found a transporter.
 14829 | Gauntlet | Found a transporter.
 14833 | Gauntlet | Found a transporter.
 14846 | Gauntlet | Found a transporter.
 14850 | Gauntlet | Found a transporter.
 14854 | Gauntlet | Found a transporter.
 14873 | Gauntlet | Found a transporter.
 14890 | Gauntlet | Found a transporter.
 14894 | Gauntlet | Found a transporter.
 14902 | Gauntlet | Found a transporter.
 14906 | Gauntlet | Found a transporter.
 15255 | Gauntlet | Identified the +1 chain mail of Servitude {rN+ Regen+
                  | Int+2}
 15284 | Gauntlet | Got Sif Muna's Treatise on Relocated Electricity
 15286 | Gauntlet | Identified the +0 ring mail of Mounazua {MP+9}
 15825 | Lair:5   | Reached ****** piety under Qazlal
 15838 | Lair:5   | Reached skill level 15 in Shields
 15867 | Lair:5   | Reached skill level 15 in Armour
 16368 | Lair:5   | Found a viscous altar of Jiyva.
 16368 | Lair:5   | Found a staircase to the Slime Pits.
 17017 | Lair:5   | Found a corrupted altar of Lugonu.
 17017 | Lair:5   | Found a one-way gate to the infinite horrors of the Abyss.
 17170 | D:12     | Reached skill level 15 in Fighting
 17187 | D:12     | Identified a scroll of acquirement
 17263 | D:12     | Found a staircase to the Orcish Mines.
 17283 | D:12     | Reached XP level 15. HP: 141/141 MP: 20/20
 17843 | D:13     | Paralysed by something for 3 turns
 18288 | D:13     | Found a gate to the Vaults.
 18470 | Orc:1    | Entered Level 1 of the Orcish Mines
 18495 | Orc:1    | Noticed Jorgrun
 18506 | Orc:1    | Killed Jorgrun
 18858 | Orc:2    | Entered Level 2 of the Orcish Mines
 19247 | Orc:2    | Found a staircase to the Elven Halls.
 19513 | Orc:2    | Found Coirch's Antique Armour Boutique.
 19514 | Orc:2    | Found Nioxaett's Antique Weapon Shop.
 19516 | Orc:2    | Found Dane Purruq's General Store.
 19516 | Orc:2    | Found Queq's Book Boutique.
 19804 | Orc:2    | Bought the ring "Redilic" {Will+ Str+3 Int+6 Dex+3} for 979
                  | gold pieces
 19925 | Snake:1  | Entered Level 1 of the Snake Pit
 20144 | Snake:1  | Reached skill level 10 in Invocations
 20582 | Snake:1  | Found Vesog's Distillery.
 20590 | Snake:1  | Bought a potion of might for 60 gold pieces
 21155 | Snake:2  | Noticed a nagaraja
 21175 | Snake:2  | Killed a nagaraja
 21176 | Snake:2  | Reached XP level 16. HP: 91/149 MP: 22/22
 21611 | Snake:2  | Noticed Aizul
 21638 | Snake:2  | Killed Aizul
 22595 | Snake:3  | Noticed croobank's ghost (adept GnFE)
 22597 | Snake:3  | Noticed a tentacled starspawn
 22623 | Snake:3  | Found a transporter.
 22644 | Snake:3  | Noticed Vashnia
 22674 | Snake:3  | Killed Vashnia
 22721 | Snake:3  | Noticed a tentacled monstrosity
 22768 | Snake:3  | Identified the staff of death "Haewusups" {Fragile rF++ rN+
                  | Dex+9}
 22815 | Snake:3  | Found a transporter.
 23226 | Snake:3  | Noticed Bai Suzhen
 23253 | Snake:3  | Killed Bai Suzhen
 23447 | Snake:4  | Entered Level 4 of the Snake Pit
 23769 | Snake:4  | Found Batol Itaf's Magic Scroll Boutique.
 23776 | Snake:4  | Found Xenaenu's Magic Scroll Shop.
 23782 | Snake:4  | Bought a scroll of blinking for 105 gold pieces
 23782 | Snake:4  | Bought a scroll of enchant weapon for 105 gold pieces
 23899 | Snake:4  | Reached XP level 17. HP: 127/156 MP: 25/25
 24109 | Snake:4  | Found a shadowy altar of Dithmenos.
 24460 | Snake:4  | Got a serpentine rune of Zot
 24659 | Shoals:1 | Entered Level 1 of the Shoals
 24875 | Shoals:1 | Found a bloodstained altar of Trog.
 24875 | Shoals:1 | Noticed jurchenman's ghost (journeyman DEFE)
 24908 | Shoals:1 | Found a transporter.
 24914 | Shoals:1 | Found a transporter.
 25584 | Shoals:2 | Noticed Ilsuiw
 25610 | Shoals:2 | Killed Ilsuiw
 25671 | Shoals:2 | Reached skill level 15 in Invocations
 25856 | Abyss:3  | Cast into level 3 of the Abyss (merfolk javelineer)
 26004 | Abyss:3  | Gained mutation: You are frail. (-10% HP) [a neqoxec]
 26005 | Abyss:3  | Gained mutation: You are dopey. (Int -2) [a neqoxec]
 26008 | Abyss:3  | Gained mutation: You have sharp toenails. [a neqoxec]
 26083 | Abyss:3  | Reached XP level 18. HP: 146/146 MP: 28/28
 26264 | Abyss:3  | Gained mutation: You occasionally shout uncontrollably at
                  | your foes. [a neqoxec]
 26326 | Shoals:2 | Escaped the Abyss
 26342 | Shoals:2 | Lost mutation: You occasionally shout uncontrollably at
                  | your foes. [potion of mutation]
 26342 | Shoals:2 | Lost mutation: You are dopey. (Int -2) [potion of mutation]
 26342 | Shoals:2 | Lost mutation: You are frail. (-10% HP) [potion of
                  | mutation]
 26342 | Shoals:2 | Gained mutation: You have a pair of large horns on your
                  | head. [potion of mutation]
 26343 | Shoals:2 | Lost mutation: You have sharp toenails. [potion of
                  | mutation]
 26343 | Shoals:2 | Lost mutation: You have a pair of large horns on your head.
                  | [potion of mutation]
 26343 | Shoals:2 | Gained mutation: You are agile. (Dex +4, Str/Int -1)
                  | [potion of mutation]
 26344 | Shoals:2 | Lost mutation: You are agile. (Dex +4, Str/Int -1) [potion
                  | of mutation]
 26344 | Shoals:2 | Gained mutation: You occasionally shout uncontrollably at
                  | your foes. [potion of mutation]
 26344 | Shoals:2 | Gained mutation: You are agile. (Dex +4, Str/Int -1)
                  | [potion of mutation]
 28280 | Shoals:4 | Entered Level 4 of the Shoals
 28378 | Shoals:4 | Noticed Polyphemus
 28399 | Shoals:4 | Killed Polyphemus
 28400 | Shoals:4 | Reached skill level 1 in Dodging
 28713 | Shoals:4 | Got a barnacled rune of Zot
 29023 | Shoals:4 | Found Qukol's Distillery.
 29038 | Shoals:4 | Bought a potion of experience for 850 gold pieces
 29038 | Shoals:4 | Reached XP level 19. HP: 174/174 MP: 30/30
 29141 | Shoals:4 | Identified the amulet "Daumaad" {Faith Will- Dex+3}
 29460 | D:14     | Noticed Louise
 29479 | D:14     | Killed Louise
 29515 | D:14     | Noticed Nessos
 29545 | D:14     | Killed Nessos
 29651 | D:14     | Noticed Rupert
 29657 | D:14     | Killed Rupert
 29667 | D:14     | Reached skill level 5 in Dodging
 29839 | D:14     | Noticed Frances
 29847 | D:14     | Gained mutation: You are dopey. (Int -2) [a neqoxec]
 29848 | D:14     | Killed Frances
 29939 | D:15     | Entered Level 15 of the Dungeon
 29943 | D:15     | Found a staircase to the Depths.
 30119 | D:15     | Identified Roxanne's Tome of the Mantle
 30119 | D:15     | Noticed Roxanne
 30256 | D:15     | Reached XP level 20. HP: 152/184 MP: 31/31
 30276 | D:15     | Paralysed by something for 3 turns
 30481 | D:15     | Killed Roxanne
 30631 | Elf:1    | Entered Level 1 of the Elven Halls
 30844 | Elf:1    | Found Buor's Jewellery Shop.
 31767 | Elf:2    | Found Rinyxeem's Distillery.
 32120 | Elf:2    | Found a runed translucent gate.
 32120 | Elf:2    | Found a runed translucent gate.
 32120 | Elf:2    | Found a runed translucent gate.
 32304 | Elf:2    | HP: 9/187 [+0 bardiche of electrocution (8)]
 32304 | Elf:2    | Slain by a +0 bardiche of electrocution

Illustrated notes

Levels and vault maps discovered:
D:1:      lightli_molten_gateway, layout_loops_ring, minmay_small_reverse_x
D:2:      wander_river, layout_basic, shapermc_ecumenical_altar_totnotflames,
          serial_shops, shop, uniq_robin
D:3:      layout_loops_cross
D:4:      layout_loops_cross, minmay_temple_entry_glass
D:5:      layout_loops_ring, mainiacjoe_overflow_alcove_4,
          mainiacjoe_overflow_small_starburst, serial_bayou_lagoon_b,
          uniq_eustachio, uniq_crazy_yiuf_cottage
D:6:      layout_rooms, uniq_edmund, uniq_blork_the_orc
D:7:      layout_loops_corners, nemelex_diamond_rough_becter,
          ebering_ghost_reflecting_pool, minmay_misc_feat_tiny
D:8:      layout_loops_ring, gammafunk_temple_overflow_pools
D:9:      layout_cave_pods, fedhas_bush_and_centaur_altar,
          nicolae_shop_distant_corner_stores, st_stairs_1, minmay_bent
D:10:     layout_loops_ring, kennysheep_orc_sif_temple, uniq_harold
D:11:     layout_rooms, dpeg_lair_monsters, uniq_sonja
D:12:     layout_rooms, zombieorc1_lemuel, hangedman_cracks_in_the_wall
D:13:     layout_loops_ring, hangedman_vaults_entry_quadrant_bands
D:14:     layout_gridville, hex_tiny, uniq_nessos, uniq_rupert, uniq_louise,
          uniq_frances
D:15:     grunt_enter_depths_giant_problem, layout_gridville,
          minmay_alternating_orb, uniq_roxanne
Temple:   nicolae_temple_bog_church
Lair:1:   layout_gridlike, grunt_megastairs_1, wad_woods_river_01, uniq_nergalle
Lair:2:   layout_regular_city, uniq_fannar
Lair:3:   layout_gridlike, minmay_shoals_entry_centaurs,
          guppyfry_snake_entry_garden, beast_lair_carwin_2
Lair:4:   layout_hall_layers, nicolae_lair_lil_pond, uniq_kirke, uniq_snorg
Lair:5:   hellmonk_lair_end_abyssal_woods, layout_cave_pods,
          nicolae_slime_entry_slimehenge, gauntlet_entry_generic,
          grunt_forest_small_clearing_treed, grunt_megastairs_2
Shoals:1: nicolae_shoals_deep_elves_summer_vacation, layout_shoals,
          gammafunk_ghost_wrathful_warriors, nicolae_shoals_undead_eyrie
Shoals:2: layout_shoals, uniq_ilsuiw
Shoals:3: layout_shoals, argonaut_gorgonesque
Shoals:4: shoals_end_grunt_garden, layout_shoals, serial_shops, shop,
          uniq_polyphemus
Snake:1:  layout_chambers, serial_shops, shop, st_stairs_11,
          nicolae_snake_slithery_corners
Snake:2:  layout_honeycomb, grunt_megastairs_3, uniq_aizul
Snake:3:  layout_cave_town, gammafunk_ghost_abyssal_escape, uniq_vashnia,
          uniq_bai_suzhen
Snake:4:  grunt_snake_rune_serpentine_throne, layout_onion, basic_altar,
          grunt_ministairs_1, minmay_shoptagon
Orc:1:    layout_caves, uniq_jorgrun
Orc:2:    st_orc_congregation, layout_diamond_mine
Elf:1:    nicolae_elf_arrival_fired_up, layout_geoelf_grid, serial_shops,
          nicolae_shop_real_fake_doors, minivault_28
Elf:2:    nicolae_elf_blades_splatter_lattice [nicolae_blade_tridents],
          layout_geoelf_diagonals, serial_shops, nicolae_shop_rolling_square

Skill      XL: |  1  2  3  4  5  6  7  8  9 10 11 12 13 14 15 16 17 18 19 20 |
---------------+-------------------------------------------------------------+-----
Axes           | 3 4 5 6 7 10 13 16 17 18 | 18.9
Fighting       | 4 5 6 9 11 13 15 16 17 18 | 18.1
Invocations    | 2 5 8 10 12 15 16 17 | 17.6
Shields        | 7 10 12 14 16 18 19 20 | 20.0
Armour         | 7 10 12 14 15 17 19 20 | 20.0
Dodging        | 4 5 8 |  8.4

Action                     |  1- 3 |  4- 6 |  7- 9 | 10-12 | 13-15 | 16-18 | 19-21 || total
---------------------------+-------+-------+-------+-------+-------+-------+-------++-------
  Melee: War axe           |   103 |   119 |   227 |   433 |  1038 |  1311 |   515 ||  3746
         Headbutt          |     9 |    14 |    28 |   103 |   259 |   380 |   136 ||   929
 Invoke: Upheaval          |       |       |       |       |     4 |    27 |     3 ||    34
         Disaster Area     |       |       |       |       |     3 |     3 |       ||     6
    Use: Potion            |     1 |       |       |       |     3 |     9 |       ||    13
         Scroll            |       |       |     7 |    12 |    13 |     5 |     3 ||    40
   Stab: Petrified         |       |       |       |       |     7 |       |       ||     7
 Armour: Scale mail        |    18 |       |       |       |       |       |       ||    18
         Chain mail        |    50 |    50 |    42 |       |       |       |       ||   142
         Plate armour      |       |       |    32 |   178 |   281 |   341 |    97 ||   929
  Dodge: Dodged            |    40 |    50 |    42 |    97 |   111 |   161 |    91 ||   592
         Repelled          |       |       |       |     1 |     7 |    22 |    10 ||    40
  Block: Buckler           |    25 |    26 |    44 |   176 |   174 |       |       ||   445
         Tower shield      |       |       |       |       |   598 |  1582 |   582 ||  2762
